 Dungeon Crawl Stone Soup version 0.29.1-1-gd02db6906a (webtiles) character file.

Game seed: 8363632576862383660

6642 Aibolit the Fighter (level 11, 0/105 HPs)
             Began as a Hill Orc Fighter on Oct 7, 2022.
             Was a Believer of Fedhas.
             Slain by an orc warrior
             ... wielding a +2 vorpal war axe
             ... led by an orc high priest
              (2 damage)
             ... on level 9 of the Dungeon.
             The game lasted 00:29:19 (15789 turns).

Aibolit the Fighter (Hill Orc Fighter)             Turns: 15789, Time: 00:29:19

Health: 0/105      AC: 20    Str: 30    XL:     11   Next: 2%
Magic:  11/11      EV:  8    Int:  8    God:    Fedhas [**....]
Gold:   690        SH:  7    Dex: 10    Spells: 10/10 levels left

rFire   + . .      SeeInvis .   v - +4 hammer (freeze)
rCold   . . .      Faith    .   c - +1 buckler
rNeg    . . .      Spirit   .   N - +0 chain mail
rPois   .          Reflect  .   n - +2 helmet
rElec   .          Harm     .   u - +2 cloak
rCorr   .          Rampage  .   y - +0 pair of gloves
Will    .....                   F - +0 pair of boots
Stlth   ..........              (no amulet)
HPRegen 0.27/turn               l - ring of protection from fire
MPRegen 0.12/turn               L - +6 ring of strength

@: studying Poison Magic
A: no striking features
a: Renounce Religion, Wall of Briars


You were on level 9 of the Dungeon.
You worshipped Fedhas.
Fedhas was pleased with you.
You visited 3 branches of the dungeon, and saw 12 of its levels.

You collected 690 gold pieces.

Inventory:

Hand Weapons
 r - a +6 dire flail of draining
 v - a +4 hammer of freezing (weapon)
Armour
 c - a +1 buckler (worn)
 n - a +2 helmet (worn)
 u - a +2 cloak (worn)
 y - a +0 pair of gloves (worn)
 F - a +0 pair of boots (worn)
 N - a +0 chain mail (worn)
Jewellery
 l - a ring of protection from fire (left hand)
 t - a ring of wizardry
 z - a ring of flight
 L - a +6 ring of strength (right hand)
Wands
 a - a wand of digging (4)
 k - a wand of charming (20)
 s - a wand of flame (16) (quivered)
 x - a wand of iceblast (13)
Scrolls
 e - a scroll of torment
 h - a scroll of identify
 B - a scroll of amnesia
 C - a scroll of noise
 D - 2 scrolls of immolation
 K - a scroll of enchant weapon
Potions
 d - a potion of ambrosia {unknown}
 f - 3 potions of flight
 g - a potion of berserk rage {unknown}
 i - 2 potions of attraction
 j - 2 potions of mutation
 m - a potion of heal wounds {unknown}
 o - a potion of haste {unknown}
 p - a potion of invisibility {unknown}
 q - 3 potions of brilliance
 w - 3 potions of degeneration {unknown}
 G - a potion of lignification {unknown}
 H - a potion of resistance {unknown}
 I - a potion of magic {unknown}


   Skills:
 * Level 12.6 Fighting
 - Level 4.4(7.3) Axes
 + Level 7.5(8.0) Maces & Flails
 + Level 8.8 Armour
 + Level 8.9 Shields


You had 10 spell levels left.
You didn't know any spells.
Your spell library contained the following spells:

 Spells                   Type           Power      Damage    Failure   Level
 Apportation              Tloc           0%         N/A       91%         1
 Freeze                   Ice            0%         1d3       91%         1
 Necrotise                Necr           0%         1d4       91%         1
 Sandblast                Erth           0%         2d4       91%         1
 Shock                    Conj/Air       0%         1d3       91%         1
 Slow                     Hex            0%         N/A       91%         1
 Summon Small Mammal      Summ           0%         N/A       91%         1
 Passwall                 Tmut/Erth      0%         N/A       97%         2
 Call Canine Familiar     Summ           0%         N/A       100%        3
 Confusing Touch          Hex            0%         N/A       100%        3
 Frozen Ramparts          Ice            0%         1d1       100%        3
 Gell's Gravitas          Tloc           0%         N/A       100%        3
 Lesser Beckoning         Tloc           0%         N/A       100%        3
 Portal Projectile        Hex/Tloc       0%         N/A       100%        3
 Stone Arrow              Conj/Erth      0%         3d7       100%        3
 Summon Guardian Golem    Hex/Summ       0%         N/A       100%        3
 Swiftness                Air            0%         N/A       100%        3
 Teleport Other           Tloc           0%         N/A       100%        3
 Tukima's Dance           Hex            0%         N/A       100%        3
 Vampiric Draining        Necr           0%         2d6       100%        3
 Airstrike                Air            0%         2d(0-16)  100%        4
 Animate Armour           Summ/Erth      0%         N/A       100%        4
 Hailstorm                Conj/Ice       0%         3d3       100%        4
 Blade Hands              Tmut           0%         N/A       100%        5
 Freezing Cloud           Conj/Ice/Air   0%         6-21      100%        5
 Yara's Violent Unravell  Hex/Tmut       0%         3d3       100%        5
 Simulacrum               Ice/Necr       0%         N/A       100%        6
 Enfeeble                 Hex            0%         N/A       100%        7
 Lehudib's Crystal Spear  Conj/Erth      0%         10d2      100%        8
 Polar Vortex             Ice            0%         N/A       100%        9


Dungeon Overview and Level Annotations

Branches:
Dungeon (10/15)            Temple (1/1) D:7             Orc (1/2) D:9
   Lair: D:8-11

Altars:
Ashenzari
Cheibriados
Dithmenos
Elyvilon
Fedhas
Gozag
Hepliaklqana
Kikubaaqudgha
Makhleb
Nemelex Xobeh
Qazlal
Ru
Sif Muna
Trog
Uskayaw
Vehumet
Wu Jian
Xom
Yredelemnul
Zin
The Shining One

Shops:
D:8 [   D:9 [


Message History

The warg attacks as you move away! The warg bites you.
* * * LOW HITPOINT WARNING * * *
The warg attacks as you move away! You block the warg's attack.
The warg attacks as you move away!
The warg bites you but does no damage. x2
The warg attacks as you move away! The warg bites you but does no damage.
You block the warg's attack. The warg attacks as you move away!
The warg barely misses you. The warg attacks as you move away!
The warg bites you but does no damage. x2
The warg bites you!
* * * LOW HITPOINT WARNING * * *
You feel better. You block the warg's attack. x2
The warg bites you but does no damage.
The orc warrior attacks as you move away!
The orc warrior hits you with a +2 vorpal war axe.
* * * LOW HITPOINT WARNING * * *
x2 The warg bites you but does no damage.
You block the warg's attack.
There is a stone staircase leading down here.
The orc warrior barely misses you. You block the orc's attack.
The warg barely misses you.
You climb downwards.
The howler monkey howls!
You hear a bellow! x2
Found a book of Debilitation.
There is a stone staircase leading up here.
Unknown command.
You block the warg's attack. The orc barely misses you.
The orc warrior hits you but does no damage.
You climb upwards.
There is a stone staircase leading down here.
As you read the scroll of summoning, it crumbles to dust.
Wisps of shadow whirl around you... The warg bites you but does no damage.
The orc closely misses you. The orc warrior barely misses you.
The orc warrior hits your two-headed ogre with a +2 vorpal war axe!
The warg bites you but does no damage. The orc hits you with a +0 whip.
* * * LOW HITPOINT WARNING * * *
The orc warrior hits you with a +2 vorpal war axe.
* * * LOW HITPOINT WARNING * * *
You die...
Fedhas appreciates your contribution to the ecosystem.

##.# ##...# #.. ##..#######..).##
##. ##...........)..## #.
##.#.............### ##.
...#...............#### ##..
.###...∩.>)....|......#### #..#
.###................#....#####.##
..##...........ho)...###).).#..#
..#...........Fo@O...######[..##
.....####.......o.....# ###.#
...### ##...oF.o.....## #.# ..##
##..#......o....## #.## ..##
##..####..........# #..# ...#
#..## ####....#### ##.## ..##
##..# ###### ##... .## ##..##
#.... ..###..## ##....


You could see a warg, an orc warrior (ally target), an orc (ally target), a
friendly two-headed ogre (summoned), 2 friendly bullfrogs, 3 friendly orc
priests and a friendly orc wizard (summoned).

Vanquished Creatures
  Joseph (D:7)
  The ghost of Jakudza the Gusty, a novice TeAE of Ashenzari (D:7)
  A gargoyle (D:8)
  A hornet (D:8)
  Eustachio (D:4)
  Sigmund (D:4)
  9 yaks (D:9)
  Menkaure (D:5)
  Edmund (D:4)
  2 water moccasins
  A sky beast (D:8)
  An ice beast (D:7)
  2 orc warriors (D:9)
  2 ogres
  A black bear (D:5)
  Blork the orc (D:4)
  A kobold brigand (D:7)
  2 bullfrogs
  A scorpion (D:6)
  12 wights
  19 killer bees
  4 howler monkeys
  A jelly (D:8)
  2 gnoll boudas
  5 hounds
  An orc priest (D:9)
  Crazy Yiuf (D:3)
  Natasha (thrice) (D:3)
  3 iguanas (D:5)
  5 orc wizards
  Robin (D:4)
  11 gnolls
  8 adders
  A river rat (D:5)
  2 shadow imps (D:7)
  2 white imps
  An ufetubus (D:6)
  2 worms
  5 dart slugs
  30 orcs
  8 ball pythons
  8 bats
  6 endoplasms
  12 hobgoblins
  2 jackals (D:3)
  9 kobolds
  5 quokkas
  3 frilled lizards
  15 goblins
  5 rats
223 creatures vanquished.

Notes
Turn   | Place    | Note
-------+----------+-------------------------------------------
     0 | D:1      | Aibolit the Hill Orc Fighter began the quest for the Orb.
     0 | D:1      | Reached XP level 1. HP: 19/19 MP: 1/1
   281 | D:1      | Found a faded altar of an unknown god.
   357 | D:1      | Reached XP level 2. HP: 25/27 MP: 2/2
  1338 | D:2      | Reached skill level 4 in Fighting
  1619 | D:2      | Reached XP level 3. HP: 33/33 MP: 3/3
  2478 | D:3      | Noticed Natasha
  2485 | D:3      | Killed Natasha
  2486 | D:3      | Reached XP level 4. HP: 21/41 MP: 4/4
  2787 | D:3      | Noticed Natasha
  2799 | D:3      | Killed Natasha
  2911 | D:3      | Reached XP level 5. HP: 39/47 MP: 5/5
  3247 | D:3      | Found a runed translucent door.
  3248 | D:3      | Noticed Crazy Yiuf
  3469 | D:3      | Noticed Natasha
  3478 | D:3      | Killed Natasha
  3708 | D:3      | Killed Crazy Yiuf
  4088 | D:4      | Noticed Blork the orc
  4100 | D:4      | Killed Blork the orc
  4101 | D:4      | Reached skill level 5 in Fighting
  4101 | D:4      | Reached XP level 6. HP: 45/56 MP: 6/6
  4207 | D:4      | Noticed Sigmund
  4241 | D:4      | Reached skill level 1 in Maces & Flails
  4252 | D:4      | Killed Sigmund
  4253 | D:4      | Reached XP level 7. HP: 12/62 MP: 7/7
  4789 | D:4      | Reached skill level 6 in Fighting
  4789 | D:4      | Reached skill level 5 in Armour
  4789 | D:4      | Reached skill level 5 in Shields
  4876 | D:4      | Noticed Edmund
  4889 | D:4      | Killed Edmund
  5168 | D:4      | Noticed Eustachio
  5199 | D:4      | Killed Eustachio
  5200 | D:4      | Reached skill level 7 in Fighting
  5325 | D:4      | Noticed Robin
  5350 | D:4      | Killed Robin
  5567 | D:4      | Reached XP level 8. HP: 73/73 MP: 8/8
  5783 | D:5      | Entered Level 5 of the Dungeon
  5882 | D:5      | Found a glowing drain.
  6323 | D:5      | Noticed a two-headed ogre
  6763 | D:5      | Noticed Menkaure
  6776 | D:5      | Killed Menkaure
  6777 | D:5      | Reached skill level 8 in Fighting
  8665 | D:6      | Reached XP level 9. HP: 45/82 MP: 9/9
  8672 | D:5      | Reached skill level 9 in Fighting
  9710 | D:7      | Reached skill level 5 in Maces & Flails
  9762 | D:7      | Found a staircase to the Ecumenical Temple.
  9784 | Temple   | Entered the Ecumenical Temple
  9805 | Temple   | Became a worshipper of Fedhas Madash
 10245 | D:7      | Found a runed translucent gate.
 10255 | D:7      | Reached skill level 10 in Fighting
 10787 | D:7      | Found a runed translucent gate.
 10787 | D:7      | Found a runed translucent gate.
 10791 | D:7      | Noticed Jakudza's ghost (novice TeAE)
 10840 | D:7      | Noticed Joseph
 10858 | D:7      | Killed Joseph
 11291 | D:7      | Killed Jakudza's ghost
 11292 | D:7      | Reached XP level 10. HP: 94/94 MP: 10/10
 11522 | D:8      | Reached skill level 11 in Fighting
 11542 | D:8      | Noticed a gargoyle
 11702 | D:9      | Reached * piety under Fedhas
 12018 | D:8      | Killed a gargoyle
 12301 | D:8      | Found Cheibriados's Comfort Zone.
 12305 | D:8      | Found a snail-covered altar of Cheibriados.
 13558 | D:9      | Reached skill level 12 in Fighting
 14017 | D:9      | Found a sacrificial altar of Ru.
 14508 | D:9      | Found a bloodstained altar of Trog.
 14510 | D:9      | Found a burning altar of Makhleb.
 14511 | D:9      | Found a stormy altar of Qazlal.
 14512 | D:9      | Found an ancient bone altar of Kikubaaqudgha.
 14617 | D:9      | Reached ** piety under Fedhas
 14651 | D:9      | Found a staircase to the Orcish Mines.
 14656 | D:9      | Found Muaw's Armour Shoppe.
 14863 | D:9      | Reached XP level 11. HP: 28/105 MP: 11/11
 15714 | Orc:1    | Entered Level 1 of the Orcish Mines
 15714 | Orc:1    | Noticed an orc high priest
 15777 | D:9      | HP: 5/105 [warg (12)]
 15785 | D:10     | Entered Level 10 of the Dungeon
 15789 | D:9      | HP: 2/105 [orc warrior/+2 vorpal war axe[an orc high
                  | priest] (6)]
 15789 | D:9      | Slain by an orc warrior

Illustrated notes

Levels and vault maps discovered:
D:1:      lemuel_arrival_cross, layout_basic,
          hellmonk_ecumenical_altar_heavens_door
D:2:      layout_loops_corners, nicolae_figureground_sparkle
D:3:      layout_basic, kennysheep_generic_room_5, uniq_crazy_yiuf_cottage,
          uniq_natasha
D:4:      layout_loops_cross, chequers_serial_rivers_room_a, uniq_eustachio,
          uniq_robin, uniq_edmund, uniq_blork_the_orc, uniq_sigmund
D:5:      layout_cave_pools, portal_sewer_entry_a, chequers_serial_rivers_marsh,
          kennysheep_nub, minmay_manual_moon, uniq_menkaure
D:6:      layout_rooms, hangedman_abyss_or_decor_stagger, minivault_22,
          nicolae_titane
D:7:      layout_loops_cross, minmay_temple_entry_mist,
          ebering_ghost_rock_garden, uniq_joseph
D:8:      layout_layer_cave, amcnicky_mini_corridor_feature, minmay_shop_chei
D:9:      layout_cave_pods, minitemple, orc_david_3, enter_bailey_2,
          hangedman_decor_opposing, minmay_misc_feat_more_columns
D:10:     layout_rooms, amcnicky_altar_gilded, erik_lair_island, uniq_josephine
Temple:   eino_temple_rhombus
Orc:1:    layout_caves

Skill      XL: |  1  2  3  4  5  6  7  8  9 10 |
---------------+-------------------------------+-----
Axes           | 3 4 |  4.4
Fighting       | 4 5 7 8 10 12 | 12.6
Armour         | 4 5 6 7 8 |  8.8
Shields        | 4 5 6 7 8 |  8.9
Maces & Flails | 1 3 4 6 7 |  7.5

Action                   |  1- 3 |  4- 6 |  7- 9 | 10-12 || total
-------------------------+-------+-------+-------+-------++-------
Melee: War axe           |   114 |    72 |       |       ||   186
       Mace              |       |    28 |   375 |   202 ||   605
Evoke: Wand              |     1 |       |     6 |    16 ||    23
  Use: Scroll            |     5 |     5 |     7 |     6 ||    23
       Potion            |       |     2 |       |     1 ||     3
Armor: Scale mail        |    72 |    67 |   221 |    49 ||   409
       Chain mail        |       |       |       |    61 ||    61
Dodge: Dodged            |    52 |    52 |   199 |   104 ||   407
Block: Buckler           |    35 |    27 |   118 |    78 ||   258
